 Dungeon Crawl Stone Soup version 0.29-a0-823-gc37b1572da (console) character file.

Game seed: 668277547648122076

70 om the Chopper (level 4, -3/40 HPs)
             Began as a Minotaur Berserker on July 8, 2022.
             Was a Believer of Trog.
             Slain by a kobold
             ... wielding a +0 whip
              (5 damage)
             ... on level 2 of the Dungeon.
             The game lasted 00:01:36 (1178 turns).

om the Chopper (Minotaur Berserker)                 Turns: 1178, Time: 00:01:36

Health: -3/40      AC:  5    Str: 24    XL:     4   Next: 4%
Magic:  3/3        EV: 11    Int:  4    God:    Trog [**....]
Gold:   35         SH:  0    Dex:  9    Spells: 3/3 levels left

rFire   . . .      SeeInvis .   a - +0 hand axe
rCold   . . .      Faith    .   (no shield)
rNeg    . . .      Spirit   .   g - +0 ring mail
rPois   .          Reflect  .   (helmet restricted)
rElec   .          Harm     .   (no cloak)
rCorr   .          Rampage  .   (no gloves)
Will    .....                   (no boots)
Stlth   ..........              (no amulet)
HPRegen 0.13/turn               (no ring)
MPRegen 0.08/turn               (no ring)

@: brilliant, on berserk cooldown, slowed, very slow
A: horns 2, retaliatory headbutt
a: Renounce Religion, Berserk, Trog's Hand


You were on level 2 of the Dungeon.
You worshipped Trog.
Trog was pleased with you.
You visited 1 branch of the dungeon, and saw 2 of its levels.

You collected 35 gold pieces.

Inventory:

Hand Weapons
 a - a +0 hand axe (weapon)
Armour
 g - a +0 ring mail (worn)
Scrolls
 b - a scroll of teleportation {unknown}
 f - a scroll of silence {unknown}


   Skills:
 - Level 4.0 Fighting
 * Level 5.0 Axes
 - Level 3.0 Armour
 - Level 3.0 Dodging


You had 3 spell levels left.
You didn't know any spells.
Your spell library was empty.

Dungeon Overview and Level Annotations

Branches:
Dungeon (2/15)

Altars:


Innate Abilities, Weirdness & Mutations

You have a pair of horns on your head.
You reflexively headbutt those who attack you in melee.


Message History

The dart slug launches a dart at you. The slug dart hits you.
* * * LOW HITPOINT WARNING * * *
Training target 3.0 for Dodging reached!
Your Dodging skill increases to level 3!
You have reached level 4!
You feel stronger.
It was a potion of brilliance.
You feel clever all of a sudden.
It was a potion of curing.
You feel better.
The dart slug bites you but does no damage.
The gnoll closely misses you.
It was a potion of berserk rage.
You're still recovering from your berserk rage.
The dart slug barely misses you. The gnoll misses you.
You completely miss the dart slug. The gnoll barely misses you.
The dart slug launches a dart at you. The slug dart hits you.
The gnoll hits you from afar with a +0 halberd!
* * * LOW HITPOINT WARNING * * *
You are too injured to fight recklessly!
You hit the dart slug.
The dart slug is heavily wounded.
The dart slug barely misses you.
A kobold comes into view. It is wielding a +0 whip.
The gnoll barely misses you.
You are too injured to fight recklessly!
You hit the dart slug.
You kill the dart slug!
Trog accepts your kill.
The gnoll hits you from afar with a +0 halberd.
* * * LOW HITPOINT WARNING * * *
The gnoll closely misses you.
Your Axes skill increases to level 5!
The kobold closely misses you. The kobold barely misses you.
The gnoll hits you from afar with a +0 halberd.
* * * LOW HITPOINT WARNING * * *
The kobold hits you with a +0 whip.
You die...

## #?. #.# #.# #.#
##.##
#######...####.#
#.....g........#
#.#####K..###..
##@## .#########)#
...........#
#######.###.......
#.# .###...
#########.# .#
#.....)...# .#
########..# .# ###
#..# .# #.# #..#
.# #.######..#


You could see a gnoll and a kobold.

Vanquished Creatures
  3 gnolls (D:2)
  2 dart slugs
  5 orcs (D:2)
  A giant cockroach (D:1)
  4 goblins
  A hobgoblin (D:1)
  3 jackals (D:2)
  A kobold (D:1)
  2 quokkas
  3 ball pythons (D:1)
  4 bats (D:1)
  3 rats (D:1)
32 creatures vanquished.

Notes
Turn   | Place    | Note
-------+----------+-------------------------------------------
     0 | D:1      | om the Minotaur Berserker began the quest for the Orb.
     0 | D:1      | Reached XP level 1. HP: 19/19 MP: 0/0
   218 | D:1      | Reached XP level 2. HP: 24/27 MP: 1/1
   275 | D:1      | Reached skill level 4 in Axes
   909 | D:2      | Reached XP level 3. HP: 30/33 MP: 2/2
   909 | D:2      | Reached ** piety under Trog
  1171 | D:2      | Reached XP level 4. HP: 10/40 MP: 3/3
  1177 | D:2      | Reached skill level 5 in Axes
  1178 | D:2      | HP: 2/40 [gnoll/+0 halberd (4)]
  1178 | D:2      | Slain by a kobold

Illustrated notes

Levels and vault maps discovered:
D:1:      dpeg_arrival_subterranean_lakeside_camping, layout_loops_ring,
          minivault_19
D:2:      minmay_chambers_of_twos, layout_loops_ring, hangedman_decor_slide_cut

Skill      XL: |  1  2  3  4 |
---------------+-------------+-----
Axes           | 4 5 |  5.0
Fighting       | 4 |  4.0
Armour         | 3 |  3.0
Dodging        | 3 |  3.0

Action                   |  1- 3 |  4- 6 || total
-------------------------+-------+-------++-------
Melee: Hand axe          |    69 |     3 ||    72
       Headbutt          |     9 |       ||     9
Invok: Berserk           |     1 |       ||     1
  Use: Potion            |       |     3 ||     3
Armor: Animal skin       |     2 |       ||     2
       Ring mail         |    35 |     1 ||    36
Dodge: Dodged            |    48 |     9 ||    57

Table legend: (Time is in decaauts)
 A = Elapsed time spent in this place.
 B = Non-inter-level travel time spent in this place.
 C = Inter-level travel time spent in this place.
 D = Time resting spent in this place.
 E = Time spent auto-exploring this place.
 F = Levels seen in this place.
 G = Mean time per level.
                   A        B        C        D        E       F      G
               +--------+--------+--------+--------+--------+-----+--------+
         Total |   1187 |   1170 |     17 |      0 |    946 |   2 |  593.5 |
       Dungeon |   1187 |   1170 |     17 |      0 |    946 |   2 |  593.5 |
               +--------+--------+--------+--------+--------+-----+--------+

Top non-repeatable levels by time:
     D:1: 809 daAuts
     D:2: 378 daAuts
